 Dungeon Crawl Stone Soup version 0.29-a0-322-g68df515428 (console) character file.

Game seed: 10040539253419860021

107 Ignak the Skirmisher (level 4, 0/45 HPs)
             Began as an Ogre Warper on Apr 8, 2022.
             Succumbed to an orc wizard's poison
             ... on level 2 of the Dungeon.
             The game lasted 00:07:36 (3755 turns).

Ignak the Skirmisher (Ogre Warper)                  Turns: 3755, Time: 00:07:36

Health: 0/45       AC:  4    Str: 17    XL:     4   Next: 86%
Magic:  6/8        EV: 10    Int: 14    God:
Gold:   88         SH:  0    Dex:  8    Spells: 4/9 levels left

rFire   . . .      SeeInvis +   h - +0 war axe
rCold   . . .      Faith    .   (no shield)
rNeg    . . .      Spirit   .   b - +0 robe
rPois   .          Reflect  .   (helmet restricted)
rElec   .          Harm     .   e - +0 cloak
rCorr   .          Rampage  .   (gloves unavailable)
Will    .....                   (boots unavailable)
Stlth   +.........              q - amulet of regeneration
HPRegen 0.95/turn               l - ring of wizardry
MPRegen 0.11/turn               (no ring)

@: lethally poisoned (0 -> -2)
A: large, unfitting armour, tough skin 1, see invisible, inability to read while
threatened
a: no special abilities


You were on level 2 of the Dungeon.
You visited 1 branch of the dungeon, and saw 3 of its levels.

You collected 88 gold pieces.

Inventory:

Hand Weapons
 a - a +0 mace
 h - a +0 war axe (weapon)
Missiles
 g - 9 poisoned darts (quivered)
Armour
 b - a +0 robe (worn)
 e - a +0 cloak (worn)
Jewellery
 l - a ring of wizardry (left hand)
 n - a ring of fire
 q - an amulet of regeneration (around neck)
Scrolls
 c - 2 scrolls of blinking
 i - a scroll of teleportation
 k - a scroll of enchant armour {unknown}
 p - a scroll of identify
Potions
 j - a potion of haste


   Skills:
 + Level 3.5 Fighting
 + Level 2.2 Maces & Flails
 + Level 1.8 Throwing
 + Level 2.5 Dodging
 - Level 1.0 Unarmed Combat
 + Level 3.1 Spellcasting
 + Level 3.1 Translocations


You had 4 spell levels left.
You knew the following spells:

 Your Spells              Type           Power      Damage    Failure   Level
a - Teleport Other        Tloc           11%        N/A       7%          3
b - Blink                 Tloc           22%        N/A       3%          2

Your spell library contained the following spells:

 Spells                   Type           Power      Damage    Failure   Level
 Gell's Gravitas          Tloc           11%        N/A       7%          3
 Lesser Beckoning         Tloc           11%        N/A       7%          3
 Manifold Assault         Tloc           11%        N/A       52%         5


Dungeon Overview and Level Annotations

Branches:
Dungeon (3/15)

Altars:
Gozag
Uskayaw

Shops:
D:2 :


Innate Abilities, Weirdness & Mutations

You are too large for most types of armour.
You have tough skin. (AC +1)
You have supernaturally acute eyesight. (SInv)
You sometimes lose the ability to read scrolls when taking damage.


Message History

The floor.
In your confused state, you trip and fall back down the stairs.
The orc wizard casts a spell.
The orc wizard flickers and vanishes!
Deactivating autopickup; reactivate with Ctrl-A.
Something hits you.
You are poisoned.
In your confused state, you trip and fall back down the stairs.
You feel less confused.
You feel very sick. Something hits you but does no damage.
You are more poisoned.
Unknown command.
Okay, then.
Okay, then.
As you read the scroll of teleportation, it crumbles to dust.
You feel strangely unstable.
You feel very sick. Something hits you.
You are more poisoned.
Casting: Blink (safe; 3% risk of failure)
Confirm with . or Enter, or press ? or * to list all spells.
You blink.
You feel very sick.
You feel very sick.
You feel very sick.
A puff of flame appears from out of thin air!
The puff of flame hits you!
* * * LOW HITPOINT WARNING * * *
Your surroundings suddenly seem different.
* * * LOW HITPOINT WARNING * * *
You feel very sick.
You feel stable enough to blink again.
* * * LOW HITPOINT WARNING * * *
You feel sick.
It was a potion of mutation.
You feel extremely strange.
Your vision sharpens.
Reactivating autopickup.
You lose the ability to read scrolls when threatened.
You die...

#.##.......#.#### #..#.# #####..
#.###...........# #..#.# #.. #.#
#...........# #....#######†. #.#
#...........# #.............
#.###...........####[##.###......
....................>...# #.###.#
#####............).#.##.# #.# #.#
.####..............#.##.# #.# #.#
....#...........@..#.##.# #.# #..
....#..............#.##.# #.# #.#
._.................#.##.###.###.#
................####............#
......<.######### ####.###.###.#
#######.### #.###.###.# # #....#
#.......... ## #....# #####.###.#
.# #....# #.# #.#


There were no monsters in sight!

Vanquished Creatures
  An orc wizard (D:3)
  An adder (D:2)
  A worm (D:2)
  3 dart slugs
  2 orcs
  7 endoplasms
  3 giant cockroaches
  8 goblins
  8 hobgoblins
  3 jackals (D:1)
  6 kobolds
  2 quokkas
  3 ball pythons
  4 bats
  2 frilled lizards (D:2)
  3 rats
57 creatures vanquished.

Notes
Turn   | Place    | Note
-------+----------+-------------------------------------------
     0 | D:1      | Ignak the Ogre Warper began the quest for the Orb.
     0 | D:1      | Reached XP level 1. HP: 22/22 MP: 3/3
   246 | D:1      | Reached XP level 2. HP: 29/29 MP: 5/5
   249 | D:1      | Learned a level 2 spell: Blink
   805 | D:1      | Reached XP level 3. HP: 37/37 MP: 7/7
   921 | D:1      | Learned a level 3 spell: Teleport Other
  1593 | D:2      | Found Pinwilo's Book Shoppe.
  1803 | D:2      | Found a faded altar of an unknown god.
  1853 | D:2      | Found a hide-covered altar of Uskayaw.
  2205 | D:2      | Reached XP level 4. HP: 10/45 MP: 5/8
  2981 | D:3      | Found an opulent altar of Gozag.
  3586 | D:3      | Reached skill level 1 in Unarmed Combat
  3753 | D:2      | HP: 2/45 [poisoned by an orc wizard]
  3755 | D:2      | Gained mutation: You have supernaturally acute eyesight.
                  | (SInv) [potion of mutation]
  3755 | D:2      | Gained mutation: You sometimes lose the ability to read
                  | scrolls when taking damage. [potion of mutation]
  3755 | D:2      | Succumbed to an orc wizard's poison

Illustrated notes

Levels and vault maps discovered:
D:1:      amcnicky_arrival_blooded_trapdoor, layout_basic, minmay_tromino_v7
D:2:      layout_basic, basic_altar, shapermc_ecumenical_altar_notcrosses,
          serial_shops, nicolae_shop_hallway_stairs
D:3:      layout_loops_ring, nicolae_overflow_crystal_walls,
          mainiacjoe_overflow_boulevard, mainiacjoe_overflow_chevrons

Skill      XL: |  1  2  3  4 |
---------------+-------------+-----
Fighting       | 3 |  3.5
Maces & Flails | 2 |  2.2
Translocations | 3 |  3.1
Spellcasting   | 3 |  3.1
Unarmed Combat | 1 |  1.0
Throwing       | |  1.8
Dodging        | |  2.5

Action                   |  1- 3 |  4- 6 || total
-------------------------+-------+-------++-------
Melee: Mace              |    48 |       ||    48
       War axe           |   105 |    74 ||   179
       Punch             |     1 |       ||     1
Throw: Dart              |     8 |     2 ||    10
       Boomerang         |     2 |     5 ||     7
 Cast: Blink             |     1 |     4 ||     5
       Teleport Other    |       |     1 ||     1
  Use: Scroll            |     3 |     3 ||     6
       Potion            |     2 |     3 ||     5
 Stab: Sleeping          |       |     1 ||     1
Armor: Robe              |    55 |    36 ||    91
Dodge: Dodged            |   111 |    51 ||   162

Table legend: (Time is in decaauts)
 A = Elapsed time spent in this place.
 B = Non-inter-level travel time spent in this place.
 C = Inter-level travel time spent in this place.
 D = Time resting spent in this place.
 E = Time spent auto-exploring this place.
 F = Levels seen in this place.
 G = Mean time per level.
                   A        B        C        D        E       F      G
               +--------+--------+--------+--------+--------+-----+--------+
         Total |   3838 |   3805 |     33 |   1123 |   1772 |   3 | 1279.3 |
       Dungeon |   3838 |   3805 |     33 |   1123 |   1772 |   3 | 1279.3 |
               +--------+--------+--------+--------+--------+-----+--------+

Top non-repeatable levels by time:
     D:1: 1688 daAuts
     D:2: 1498 daAuts
     D:3: 651 daAuts
